 Dungeon Crawl Stone Soup version 0.27-a0-660-g90476cec82 (webtiles) character file.

Game seed: 14913146980122775427

18 MalarOregon the Digger (level 2, 0/18 HPs)
             Began as a Halfling Earth Elementalist on Mar 16, 2021.
             Hit by a stone thrown by a kobold (3 damage)
             ... on level 1 of the Dungeon.
             The game lasted 00:01:04 (713 turns).

MalarOregon the Digger (Halfling Earth Elementalist) Turns: 713, Time: 00:01:05

Health: 0/18       AC:  3    Str:  9    XL:     2   Next: 90%
Magic:  0/4        EV: 14    Int: 13    God:
Gold:   0          SH:  0    Dex: 14    Spells: 3/4 levels left

rFire    . . .     SeeInvis .   a - +0 dagger
rCold    . . .     Faith    .   (shield restricted)
rNeg     . . .     Spirit   .   c - +0 robe
rPois    .         Reflect  .   (no helmet)
rElec    .         Harm     .   (no cloak)
rCorr    .         Rampage  .   (no gloves)
Will     .....                  g - +0 pair of boots
Stlth    ++........             (no amulet)
HPRegen  0.06/turn              (no ring)
MPRegen  0.09/turn              (no ring)

@: no status effects
A: small, no large weapons, mutation resistance 1
a: no special abilities


You were on level 1 of the Dungeon.
You visited 1 branch of the dungeon, and saw 1 of its levels.

Inventory:

Hand Weapons
 a - a +0 dagger (weapon)
   (You found it on level 1 of the Dungeon)
Missiles
 b - 30 stones
Armour
 c - a +0 robe (worn)
 g - a +0 pair of boots (worn)
   (You found it on level 1 of the Dungeon)
Scrolls
 d - a scroll of blinking {unknown}
 e - a scroll of teleportation {unknown}
 f - a scroll of identify {unknown}
 h - a scroll of fear {unknown}
Potions
 i - a potion of magic {unknown}


   Skills:
 + Level 0.6 Fighting
 + Level 2.5 Dodging
 - Level 2.4 Stealth
 + Level 1.7 Spellcasting
 - Level 0.5 Transmutations
 * Level 3.2 Earth Magic


You had 3 spell levels left.
You knew the following spells:

 Your Spells              Type           Power      Damage    Failure   Level
a - Sandblast             Erth           18%        2d7       7%          1

Your spell library contained the following spells:

 Spells                   Type           Power      Damage    Failure   Level
 Passwall                 Tmut/Erth      5%         N/A       19%         2
 Stone Arrow              Conj/Erth      10%        3d7       38%         3
 Petrify                  Tmut/Erth      6%         N/A       77%         4
 Lee's Rapid Deconstruct  Erth           4%         3d6*      88%         5


Dungeon Overview and Level Annotations

Branches:
Dungeon (1/15)

Altars:


Innate Abilities, Weirdness & Mutations

You are small and have problems with some larger weapons.
You are somewhat resistant to further mutation.


Message History

h - a scroll labelled HAVAITR UNINOSE
i - an amethyst potion
Found a stone staircase leading down.
A leopard gecko comes into view.
A leopard gecko is nearby!
The leopard gecko hisses angrily.
The leopard gecko barely misses you.
You closely miss the leopard gecko. The leopard gecko barely misses you.
You hit the leopard gecko. The leopard gecko bites you.
You hit the leopard gecko. The leopard gecko bites you.
The blast of sand hits the leopard gecko!
You kill the leopard gecko!
You see here a leopard gecko corpse.
You enter the shallow water.
Moving in this stuff is going to be slow.
You open the door.
A hobgoblin and a kobold come into view.
The kobold shouts!
The hobgoblin shouts!
There are monsters nearby!
There are monsters nearby!
The kobold throws a stone.
The stone closely misses you.
There is an open door here.
The blast of sand hits the hobgoblin.
The hobgoblin hits you with a +0 club.
The blast of sand hits the hobgoblin.
You kill the hobgoblin!
The kobold closely misses you.
You miscast Sandblast.
You are very lightly contaminated with residual magic.
Nothing appears to happen.
The kobold hits you.
The blast of sand misses the kobold.
The kobold misses you.
You hit the kobold but do no damage. The kobold closely misses you.
You closely miss the kobold. The kobold closely misses you.
You miss the kobold. The kobold completely misses you.
You barely miss the kobold. The kobold hits you.
* * * LOW HITPOINT WARNING * * *
You closely miss the kobold. The kobold closely misses you.
Your magical contamination has completely faded away.
You hit the kobold but do no damage. The kobold hits you.
* * * LOW HITPOINT WARNING * * *
You hit the kobold but do no damage. The kobold barely misses you.
You hit the kobold. The kobold misses you.
You closely miss the kobold. The kobold hits you.
* * * LOW HITPOINT WARNING * * *
Aim: a kobold, quivering stones (moderately wounded, 28% to evade)
The blast of sand hits the kobold.
The kobold hits you.
* * * LOW HITPOINT WARNING * * *
You enter the shallow water.
Moving in this stuff is going to be slow.
The kobold throws a stone.
The stone hits you.
You die...

..#.......##....#...#########
.........#[...#...#.##......#
.........#......#...##.###..#
....#....#.......#..##.# #..#
.... #+###.......##.##.# #..#
#..........##.###..#
#.......##.##......##
#...≈......†........#
#..≈≈≈.@##....#.#.#.#
#...≈≈≈≈..≈.#.#.#.#.#
..#....≈≈K≈≈≈#.....#.#
#.##.###.###≈≈≈..#.#.# #+ #'#
####..#.#.### #......^...#
#........# ...........#
########## ...........#
....###+####


You could see a kobold.

Vanquished Creatures
  2 dart slugs (D:1)
  3 leopard geckos (D:1)
  4 bats (D:1)
  A hobgoblin (D:1)
  3 rats (D:1)
13 creatures vanquished.

Notes
Turn   | Place    | Note
-------+----------+-------------------------------------------
     0 | D:1      | MalarOregon the Halfling Earth Elementalist began the quest
                  | for the Orb.
     0 | D:1      | Reached XP level 1. HP: 11/11 MP: 3/3
   388 | D:1      | Reached XP level 2. HP: 18/18 MP: 4/4
   713 | D:1      | Hit by a stone thrown by a kobold

Illustrated notes

Levels and vault maps discovered:
D:1:      minmay_arrival_plants_in_alcoves, layout_basic, hex_tiny,
          chequers_serial_rivers_small_a

Action                   || total
-------------------------++-------
Melee: Dagger            ||    30
 Cast: Sandblast         ||    16
 Stab: Sleeping          ||     2
Armor: Robe              ||     6
Dodge: Dodged            ||    31

Table legend: (Time is in decaauts)
 A = Elapsed time spent in this place.
 B = Non-inter-level travel time spent in this place.
 C = Inter-level travel time spent in this place.
 D = Time resting spent in this place.
 E = Time spent auto-exploring this place.
 F = Levels seen in this place.
 G = Mean time per level.
                   A        B        C        D        E       F      G
               +--------+--------+--------+--------+--------+-----+--------+
         Total |    713 |    713 |      0 |    100 |    501 |   1 |  713.0 |
       Dungeon |    713 |    713 |      0 |    100 |    501 |   1 |  713.0 |
               +--------+--------+--------+--------+--------+-----+--------+

Top non-repeatable levels by time:
     D:1: 713 daAuts
